 Dungeon Crawl Stone Soup version 0.30-a0-122-g2a1322497e (webtiles) character file.

Game seed: 16116519891378700898

23 NinjaNoafa the Grasshopper (level 2, -1/25 HPs)
             Began as a Draconian Wanderer on Sept 16, 2022.
             Slain by a gnoll
             ... wielding a +0 spear
              (3 damage)
             ... on level 1 of the Dungeon.
             The game lasted 00:02:42 (1055 turns).

NinjaNoafa the Grasshopper (Draconian Wanderer)     Turns: 1055, Time: 00:02:43

Health: -1/25      AC:  5    Str: 15    XL:     2   Next: 72%
Magic:  5/5        EV: 11    Int: 15    God:
Gold:   29         SH:  0    Dex:  6    Spells: 4/5 levels left

rFire   . . .      SeeInvis .    a - +1 quarterstaff
rCold   . . .      Faith    .    (shield currently unavailable)
rNeg    . . .      Spirit   .    (body armour unavailable)
rPois   .          Reflect  .    (helmet restricted)
rElec   .          Harm     .    (no cloak)
rCorr   .          Rampage  .    f - +0 pair of gloves
Will    .....                    (no boots)
Stlth   +.........               (no amulet)
HPRegen 0.08/turn                (no ring)
MPRegen 0.09/turn                (no ring)

@: flying
A: AC +4, unfitting armour, cold-blooded
a: no special abilities


You were on level 1 of the Dungeon.
You visited 1 branch of the dungeon, and saw 1 of its levels.

You collected 29 gold pieces.

Inventory:

Hand Weapons
 a - a +1 quarterstaff (weapon)
Missiles
 b - 15 stones (quivered)
Armour
 f - a +0 pair of gloves (worn)
Scrolls
 d - a scroll of silence {unknown}
 e - a scroll of enchant armour {unknown}
Potions
 g - a potion of flight
 h - a potion of curing {unknown}
 i - 2 potions of lignification {unknown}


   Skills:
 + Level 2.6 Fighting
 + Level 1.7 Staves
 + Level 0.3 Throwing
 + Level 2.3 Spellcasting
 - Level 5.0 Translocations


You had 4 spell levels left.
You knew the following spells:

 Your Spells              Type           Power      Damage    Failure   Level
a - Apportation           Tloc           32%        N/A       2%          1

Your spell library contained the following spells:

 Spells                   Type           Power      Damage    Failure   Level
 Lesser Beckoning         Tloc           16%        N/A       9%          3
 Freeze                   Ice            4%         1d3       22%         1
 Passage of Golubria      Tloc           16%        N/A       26%         4
 Static Discharge         Conj/Air       2%         3-4/arc   32%         2
 Frozen Ramparts          Ice            2%         1d1       54%         3
 Dispel Undead            Necr           1%         3d6       91%         4
 Hailstorm                Conj/Ice       1%         3d3       91%         4
 Sticky Flame             Conj/Fire      1%         2d3       91%         4


Dungeon Overview and Level Annotations

Branches:
Dungeon (1/15)

Altars:


Innate Abilities, Weirdness & Mutations

Your plain brown scales are hard. (AC +4)
You cannot fit into any form of body armour.
You are cold-blooded and may be slowed by cold attacks.


Message History

c - 3 javelins (gained 1)
Found a robe.
No target in view!
You see here a +0 chain mail.
A gnoll comes into view. It is wielding a +0 spear.
The gnoll shouts!
The gnoll moves out of view.
The gnoll hits you from afar with a +0 spear!
You throw a javelin. The javelin barely misses the gnoll.
The gnoll barely misses you.
The gnoll hits you from afar with a +0 spear.
You throw a javelin. The javelin barely misses the gnoll.
The gnoll completely misses you.
You throw a javelin.
The javelin pierces through the gnoll but does no damage.
The gnoll hits you but does no damage.
The gnoll hits you from afar with a +0 spear.
You throw a stone. The stone closely misses the gnoll.
The gnoll hits you but does no damage. The gnoll hits you with a +0 spear.
You hit the gnoll.
Your tail-slap misses the gnoll.
The gnoll is lightly wounded.
The gnoll hits you with a +0 spear.
* * * LOW HITPOINT WARNING * * *
You barely miss the gnoll.
You tail-slap the gnoll, but do no damage.
The gnoll is lightly wounded.
The gnoll hits you with a +0 spear.
* * * LOW HITPOINT WARNING * * *
You hit the gnoll.
The gnoll is moderately wounded.
The gnoll barely misses you. The gnoll hits you with a +0 spear.
* * * LOW HITPOINT WARNING * * *
You hit the gnoll but do no damage.
The gnoll is moderately wounded.
The gnoll misses you.
It was a potion of flight.
You feel very buoyant.
You fly up into the air.
The gnoll hits you with a +0 spear.
You die...

## # # # # # #.####
## #....# ###.##
###.##.###.# .....##
#......@...#
......####...#..#g###
......+........##.#
......####...#.##.#
.....## #........#
....## #####.####
...## #.# #'## #.#
#.# #.#


You could see a gnoll.

Vanquished Creatures
  A dart slug (D:1)
  3 ball pythons (D:1)
  2 bats (D:1)
  2 endoplasms (D:1)
  2 goblins (D:1)
  3 hobgoblins (D:1)
  3 kobolds (D:1)
  A quokka (D:1)
  2 rats (D:1)
19 creatures vanquished.

Notes
Turn   | Place    | Note
-------+----------+-------------------------------------------
     0 | D:1      | NinjaNoafa the Draconian Wanderer began the quest for the
                  | Orb.
     0 | D:1      | NinjaNoafa set off with the following items: a +1
                  | quarterstaff, a scroll of fear; and the following spell
                  | memorised: Apportation; and the following spells available
                  | to memorise: Lesser Beckoning, Passage of Golubria.
     0 | D:1      | Reached XP level 1. HP: 17/17 MP: 3/3
   319 | D:1      | Reached XP level 2. HP: 9/25 MP: 5/5
  1055 | D:1      | Slain by a gnoll

Illustrated notes

Levels and vault maps discovered:
D:1:      nagdon_arrival_zigzag_paths, layout_loops_corners, st_stairs_11

Action                   || total
-------------------------++-------
Melee: Quarterstaff      ||    45
       Tailslap          ||     6
Throw: Javelin           ||    11
       Stone             ||     1
  Use: Potion            ||     2
       Scroll            ||     1
Armor: Skin              ||    23
Dodge: Dodged            ||    39

Table legend: (Time is in decaauts)
 A = Elapsed time spent in this place.
 B = Non-inter-level travel time spent in this place.
 C = Inter-level travel time spent in this place.
 D = Time resting spent in this place.
 E = Time spent auto-exploring this place.
 F = Levels seen in this place.
 G = Mean time per level.
                   A        B        C        D        E       F      G
               +--------+--------+--------+--------+--------+-----+--------+
         Total |   1071 |   1071 |      0 |      0 |    876 |   1 | 1071.0 |
       Dungeon |   1071 |   1071 |      0 |      0 |    876 |   1 | 1071.0 |
               +--------+--------+--------+--------+--------+-----+--------+

Top non-repeatable levels by time:
     D:1: 1071 daAuts
